 Dungeon Crawl Stone Soup version 0.20-a0-972-gb9bd3e6 (webtiles) character file.

1234 MTVSty1e the Skirmisher (level 8, 0/68 HPs)
             Began as a Barachi Fighter on Apr 9, 2017.
             Killed from afar by an orc wizard (4 damage)
             ... with a puff of frost
             ... on level 6 of the Dungeon.
             The game lasted 00:13:07 (5343 turns).

MTVSty1e the Skirmisher (Barachi Fighter)           Turns: 5343, Time: 00:13:08

Health: 0/68       AC: 17    Str: 21    XL:     8   Next: 48%
Magic:  0/8        EV:  8    Int:  8    God:
Gold:   284        SH:  0    Dex: 13    Spells: 7/7 levels left

rFire    . . .     SeeInvis .   m - -3 glaive (curse)
rCold    . . .     Gourm    .   (shield currently unavailable)
rNeg     . . .     Faith    .   t - +0 plate armour
rPois    .         Spirit   +   q - +1 helmet
rElec    .         Reflect  .   (no cloak)
rCorr    .         Harm     .   (no gloves)
MR       .....     Rnd*Rage +   (no boots)
Stlth    ..........             n - amulet of guardian spirit
Regen    0.3/turn               u - ring of stealth
MPRegen  0.2/turn               (no ring)

@: slow
A: +LOS, swims, yellow scales 1, berserk 1, deterioration 1, slowness 1, strong
1, strong legs 1
a: Hop


You were on level 6 of the Dungeon.
You were not hungry.

You visited 1 branch of the dungeon, and saw 6 of its levels.

You collected 284 gold pieces.

Inventory:

Hand Weapons
 a - a +0 long sword
 m - a cursed -3 glaive (weapon)
Armour
 b - a +0 scale mail
 c - a +0 shield
 i - a +0 chain mail
 q - a +1 helmet (worn)
 t - a +0 plate armour (worn)
Jewellery
 n - an amulet of guardian spirit (around neck)
 u - a ring of stealth (left hand)
Scrolls
 e - 6 scrolls of identify
 j - a scroll of enchant armour
 l - 2 scrolls of amnesia
 s - a scroll of teleportation
Potions
 g - 2 potions of curing
 w - a potion of magic
Comestibles
 f - 2 bread rations
 h - 3 fruits


   Skills:
 * Level 7.9 Fighting
 - Level 5.0 Long Blades
 + Level 0.8 Polearms
 + Level 6.3 Armour
 + Level 3.7 Dodging
 + Level 5.5 Shields


You had 7 spell levels left.
You didn't know any spells.

Dungeon Overview and Level Annotations

Branches:
Dungeon (6/15)
 Temple: D:4-7

Altars:


Innate Abilities, Weirdness & Mutations

Shadows flee at your approach. (+LOS)
You can swim through water.
You cover ground slowly.
You can hop short distances.
You are partially covered in yellow scales. (AC +2)
You tend to lose your temper in combat.
Your body sometimes deteriorates upon taking damage.
Your muscles are strong. (Str +2)


Message History

You miss something.
Something hits you but does no damage. x2
You closely miss something.
Something hits you but does no damage. x2
You closely miss something.
Something hits you but does no damage. x2
You closely miss something. Something hits you.
* * * LOW HITPOINT WARNING * * *
You hear some strange, mumbled words.
A puff of frost appears from out of thin air!
The puff of frost hits you!
* * * LOW HITPOINT WARNING * * *
Something hits you but does no damage.
You miss something. Something hits you but does no damage.
You hear some strange, mumbled words.
A puff of flame appears from out of thin air!
The puff of flame hits you!
* * * LOW HITPOINT WARNING * * *
You closely miss something.
Something hits you but does no damage. x2
You hear some strange, mumbled words.
A puff of frost appears from out of thin air!
The puff of frost hits you!
You die...

..# #.#####.# #.# #.# #(# #.#####
#.# #.# #.#...# #.# #.# #.#.#.#
#.# #.# #.#.#.#####.#####.#
#.#.........#.....# ###
##รท#.#########.########## ..#
.#..............@{o.....#. #.#
.###.#########.########.#.##.#
..o#.....#...#.####.....#....#
...............oo...>.#.###..#
.#.####..####.#..##.#...###..####
##.# #...........#.#.....#......
##.# #.#####.....#.#.....#.#####
##.# #.# ##............#.# ##..
#.# #.######....)#.#


You could see an orc.

Vanquished Creatures
  An ice beast (D:6)
  An orc warrior (D:6)
  An ogre (D:4)
  A phantom (D:6)
  2 centaurs
  The ghost of nht the Cutter, an amateur BuEn of Dithmenos (D:3)
  2 scorpions (D:6)
  A water moccasin skeleton (D:4)
  A crimson imp (D:6)
  A bullfrog skeleton (D:5)
  A centaur skeleton (D:4)
  Jessica (D:2)
  3 orc wizards (D:4)
  3 worker ants (D:4)
  10 adders
  A shadow imp (D:4)
  An adder skeleton (D:4)
  An adder zombie (D:6)
  2 dart slugs
  9 leopard geckos
  19 orcs
  2 ball pythons
  5 giant cockroaches
  4 goblins
  6 hobgoblins
  6 jackals
  3 kobolds
  2 quokkas
  4 bats
  4 frilled lizards
  A jackal skeleton (D:4)
  11 rats
111 creatures vanquished.

Notes
Turn   | Place    | Note
-------+----------+-------------------------------------------
     0 | D:1      | MTVSty1e the Barachi Fighter began the quest for the Orb.
     0 | D:1      | Reached XP level 1. HP: 18/18 MP: 1/1
   197 | D:1      | Reached XP level 2. HP: 17/24 MP: 2/2
   519 | D:1      | Reached skill level 1 in Dodging
   530 | D:2      | Reached XP level 3. HP: 13/30 MP: 3/3
   875 | D:2      | Reached skill level 4 in Fighting
   884 | D:2      | Reached XP level 4. HP: 20/37 MP: 4/4
  1026 | D:2      | Noticed Jessica
  1043 | D:2      | Killed Jessica
  1562 | D:3      | Reached XP level 5. HP: 43/43 MP: 3/5
  1936 | D:3      | Noticed nht's ghost (amateur BuEn)
  1957 | D:3      | Killed nht's ghost
  1957 | D:3      | Reached skill level 5 in Fighting
  1957 | D:3      | Reached skill level 5 in Armour
  1957 | D:3      | Reached XP level 6. HP: 32/51 MP: 4/6
  3271 | D:4      | Reached XP level 7. HP: 40/57 MP: 1/7
  3274 | D:4      | Reached skill level 6 in Fighting
  3894 | D:5      | Entered Level 5 of the Dungeon
  3977 | D:5      | Reached skill level 5 in Shields
  4525 | D:6      | Reached skill level 7 in Fighting
  4525 | D:6      | Reached XP level 8. HP: 15/67 MP: 6/8
  5119 | D:6      | Reached skill level 5 in Long Blades
  5271 | D:6      | Gained mutation: Your body sometimes deteriorates upon taking damage. [potion of mutation]
  5271 | D:6      | Gained mutation: You are partially covered in yellow scales. (AC +2) [potion of mutation]
  5271 | D:6      | Gained mutation: You tend to lose your temper in combat. [potion of mutation]
  5271 | D:6      | Gained mutation: Your muscles are strong. (Str +2) [potion of mutation]
  5343 | D:6      | Killed from afar by an orc wizard

Vault maps used:
D:1:      minmay_arrival_statue_studded
D:2:      minmay_close_crescents, uniq_jessica
D:4:      first_bread
D:5:      kennysheep_steamy, dk_noncrumbling_4, kennysheep_generic_room_13
D:6:      serial_shops, shop, serial_park_tiny_2

Skill      XL: |  1  2  3  4  5  6  7  8 |
---------------+-------------------------+-----
Armour         | 4 5 6 |  6.3
Dodging        | 1 2 3 |  3.7
Fighting       | 4 5 7 |  7.9
Long Blades    | 3 4 5 |  5.0
Shields        | 4 5 |  5.5
Polearms       | |  0.8

Action                   |  1- 3 |  4- 6 |  7- 9 || total
-------------------------+-------+-------+-------++-------
Melee: Long sword        |    67 |   214 |    25 ||   306
       Glaive            |       |       |   292 ||   292
 Abil: Hop               |     1 |       |       ||     1
  Use: Potion            |     1 |     3 |     8 ||    12
       Scroll            |       |     8 |     1 ||     9
  Eat: Chunk             |       |     3 |       ||     3
       Fruit             |       |     1 |     1 ||     2
       Meat ration       |       |     1 |       ||     1
       Bread ration      |       |       |     2 ||     2
       Royal jelly       |       |       |     1 ||     1
Armor: Scale mail        |    39 |    52 |       ||    91
       Chain mail        |       |    46 |    81 ||   127
       Plate armour      |       |       |   261 ||   261
Dodge: Dodged            |    30 |    54 |   189 ||   273
Block: Shield            |    46 |   108 |    17 ||   171
       Rpst.: Long sword |    10 |    15 |     2 ||    27
